 Dungeon Crawl Stone Soup version 0.31-a0-1074-g0b22e4e0f1 (webtiles) character file.

Game seed: 13283760518304968218

2 ytrimaz the Changeling (level 1, -1/15 HPs)
             Began as a Demonspawn Shapeshifter on Dec 8, 2023.
             Slain by a goblin
             ... wielding a +0 dagger
              (4 damage)
             ... on level 1 of the Dungeon.
             The game lasted 00:00:10 (53 turns).

ytrimaz the Changeling (Demonspawn Shapeshifter)      Turns: 53, Time: 00:00:10

Health: -1/15      AC:  2    Str: 14    XL:     1   Next: 25%
Magic:  1/1        EV: 12    Int: 11    God:
Gold:   0          SH:  0    Dex: 12    Spells: 0/0 levels left

rFire   . .          .
                       - Unarmed
rCold   . . .        (no shield)
rNeg    . . .        a - +0 animal skin
rPois   .            (helmet currently unavailable)
rElec   .            (cloak currently unavailable)
rCorr   .            (gloves currently unavailable)
SInv    .            (boots currently unavailable)
Will    .....        (no amulet)
Stlth   +            (no ring)
HPRegen 0.22/turn    (no ring)
MPRegen 0.07/turn

%: no passive effects
@: beast-form
A: beast (slay +1)
a: Begin Untransformation


You were on level 1 of the Dungeon.
You were a hulking beast.
You visited 1 branch of the dungeon, and saw 1 of its levels.


   Skills:
 - Level 1.0 Fighting
 - Level 1.7 Dodging
 - Level 2.6 Unarmed Combat
 + Level 2.8 Shapeshifting


You couldn't memorise any spells.
You didn't know any spells.
Your spell library was empty.

Inventory:

Armour
 a - a +0 animal skin (worn)
Jewellery
 e - an amulet of faith
   (You found it on level 1 of the Dungeon)
Talismans
 c - a beast talisman
 d - a flux talisman
Scrolls
 f - a scroll of poison {unknown}
Potions
 b - a potion of lignification

Dungeon Overview and Level Annotations

Branches:
Dungeon (1/15) Zot: 5946

Altars:

........##)#########.
.........#...........
.........##.........#
.....................
#############.#######
#.## #..## #.
#...####....
#.#.hg...# #.##.#####
#...lShh# #.###.h...
#. #.....# # ........
..........
...#####... #### ...


You could see 3 jackals, a goblin and a ball python.


Message History

🤖 Initializing magus.rc ...
Options error: Delay interrupt name "hungry" not recognised. (~/.crawlrc:4375) Bad monster_list_colour key: strict_neutral Options error: Unknown color in colour mapping: 'purle:scroll.*immolation' Bad channel name 'pray' for runrest: 'pray:' Options error: Missing colour in message_colour setting: 'that.*feels deathly cold' Options error: Missing colour in message_colour setting: 'and you must be Full or above to equip it' Options error: Missing colour in message_colour setting: 'but rights himself reflexively soon after' Options error: Missing colour in message_colour setting: 'before it is too late' ✅ Successfully initialized magus.rc [v1.9.6] Welcome, ytrimaz the Demonspawn Shapeshifter.
Are you destined to find the fabulous Orb of Zot, or to die trying?
Press ? for a list of commands and other information.
Found 3 stones.
Found an escape hatch in the floor.
Found a staircase leading out of the dungeon.
e - an amulet of faith A goblin comes into view.
It is wielding a +0 dagger.
A goblin is nearby!
No target in view!
No target in view!
No target in view!
The goblin shouts!
You closely miss the goblin. You closely miss the goblin.
The goblin barely misses you.
Unknown command.
You punch the goblin!
You kill the goblin!
An endoplasm comes into view.
Things that are here:
a +0 dagger; a goblin corpse The endoplasm hits you but does no damage.
Unknown command.
The endoplasm closely misses you.
You hit the endoplasm. The endoplasm barely misses you.
You hit the endoplasm.
You kill the endoplasm!
No target in view!
No target in view!
Unknown command.
f - a scroll labelled WEZAVI EZITOSI A jackal and a goblin come into view.
The jackal barks!
The goblin shouts!
You hear a bark! x2
A jackal comes into view.
There are monsters nearby!
There are monsters nearby!
A frilled lizard, a jackal and a ball python come into view.
You closely miss the jackal.
The jackal barks!
The ball python hisses angrily.
The frilled lizard hisses angrily.
The jackal bites you. 😕 HP[-1]
You take 1 damage, and now have 14/15 hp.
You miss the jackal. The jackal misses you. The ball python bites you.
The ball python grabs you. The ball python constricts you.
You barely miss the goblin. The jackal bites you.
The jackal bites you but does no damage.
The goblin hits you with a +0 dagger. The ball python bites you.
The ball python constricts you. 😮 HP[-5]
You take 5 damage, and now have 9/15 hp.
MASSIVE DAMAGE!! (PAUSE)
You hit the goblin. The jackal bites you.
* * * LOW HITPOINT WARNING * * *
The goblin completely misses you.
The ball python bites you but does no damage.
The ball python constricts you.
* * * LOW HITPOINT WARNING * * *
The jackal barely misses you. The jackal bites you.
* * * LOW HITPOINT WARNING * * *
😱 HP[-6]
You take 6 damage, and now have 3/15 hp.
MASSIVE DAMAGE!! (PAUSE)
You escape the ball python's grasp.
The goblin hits you with a +0 dagger.
You die...

Action                     || total
---------------------------++-------
  Melee: Unarmed           ||     9
 Armour: Animal skin       ||    11
  Dodge: Dodged            ||     6

Levels and vault maps discovered:
D:1:      lemuel_arrival_lava_pool, layout_rooms, minmay_tetromino_o4

Notes
Turn   | Place    | Note
-------+----------+-------------------------------------------
     0 | D:1      | ytrimaz the Demonspawn Shapeshifter began the quest for the
                  | Orb.
     0 | D:1      | Reached XP level 1. HP: 15/15 MP: 1/1
     0 | D:1      | magus.rc [v1.9.6]
    52 | D:1      | HP: 3/15 [jackal (3)]
    53 | D:1      | Slain by a goblin

Vanquished Creatures
  An endoplasm (D:1)
  A goblin (D:1)
2 creatures vanquished.

Table legend:
 A = Non-vault XP
 B = Vault XP
 C = Vault XP percentage of total XP
 D = Non-vault monster count
 E = Vault monster count
 F = Vault count percentage of total count
                 A         B        C        D         E       F
            +---------+---------+-------+---------+---------+-------
      Total |       3 |       0 |   0.0 |       2 |       0 |   0.0
            +---------+---------+-------+---------+---------+-------
        D:1 |       3 |       0 |   0.0 |       2 |       0 |   0.0
            +---------+---------+-------+---------+---------+-------

Action                     || total
---------------------------++-------
  Melee: Unarmed           ||     9
 Armour: Animal skin       ||    11
  Dodge: Dodged            ||     6

Illustrated notes

Table legend:
 A = Kills in this place as a percentage of kills in the entire game.
 B = Kills by you in this place as a percentage of kills by you in the entire game.
 C = Kills by friends in this place as a percentage of kills by friends in the entire game.
 D = Other kills in this place as a percentage of other kills in the entire game.
 E = Experience gained in this place as a percentage of experience gained in the entire game.
 F = Experience gained in this place divided by the number of levels of this place that you have seen.
                   A       B       C       D       E      F
               +-------+-------+-------+-------+-------+----------------------
         Total | 100.0 | 100.0 |   N/A |   N/A | 100.0 |   3.0
       Dungeon | 100.0 | 100.0 |   N/A |   N/A | 100.0 |   3.0
               +-------+-------+-------+-------+-------+----------------------

Table legend: (Time is in decaauts)
 A = Elapsed time spent in this place.
 B = Non-inter-level travel time spent in this place.
 C = Inter-level travel time spent in this place.
 D = Time resting spent in this place.
 E = Time spent auto-exploring this place.
 F = Levels seen in this place.
 G = Mean time per level.
                   A        B        C        D        E       F      G
               +--------+--------+--------+--------+--------+-----+--------+
         Total |     52 |     52 |      0 |      0 |     30 |   1 |   52.0 |
       Dungeon |     52 |     52 |      0 |      0 |     30 |   1 |   52.0 |
               +--------+--------+--------+--------+--------+-----+--------+

Top non-repeatable levels by time:
     D:1: 52 daAuts
